 Dungeon Crawl Stone Soup version 0.31-a0-1098-g6898e6545c (webtiles) character file.

Game seed: 230975645192580280

32831 Revguard the Fighter (level 13, -4/109 HPs)
             Began as a Demonspawn Berserker on Nov 30, 2023.
             Was a Priest of Trog.
             Killed by divine providence
             ... invoked by an orc priest
              (16 damage)
             ... on level 14 of the Dungeon.
             The game lasted 00:41:25 (16373 turns).

Revguard the Fighter (Demonspawn Berserker)        Turns: 16373, Time: 00:41:26

Health: -4/109     AC: 20    Str: 26    XL:     13   Next: 33%
Magic:  4/13       EV: 17    Int: 13    God:    Trog [***...]
Gold:   297        SH:  0    Dex: 12    Spells: 12/12 levels left

rFire   + . .        I - +1 war axe (freeze)
rCold   . . .        (no shield)
rNeg    + . .        P - +2 plate armour {rPois}
rPois   +            y - +2 hat
rElec   .            b - +0 cloak
rCorr   .            (gloves unavailable)
SInv    .            v - +0 pair of boots {Stlth+}
Will    .....        z - macabre finger necklace {Finger+ rN+} Stlth
                     k - ring of protection from fire
HPRegen 0.38/turn    A - +5 ring of evasion
MPRegen 0.13/turn    a - +6 ring of strength

%: no passive effects
@: about to teleport, on berserk cooldown, slowed, very slow
A: demonic guardian 2, foul stench 2, sturdy frame 2, demonic touch 3, clever 1,
inability to read after injury 1
a: Renounce Religion, Berserk, Trog's Hand


You were on level 14 of the Dungeon.
You worshipped Trog.
Trog was most pleased with you.
You visited 2 branches of the dungeon, and saw 15 of its levels.
You also visited: Ossuary and Gauntlet.

You collected 1035 gold pieces.
You spent 738 gold pieces at shops.

Inventory:

Hand Weapons
 l - a +0 morningstar
 o - a +0 broad axe of protection
 I - a +1 war axe of freezing (weapon)
Armour
 b - a +0 cloak (worn)
 i - a +0 plate armour
 v - a +0 pair of boots of stealth (worn)
 y - a +2 hat (worn)
 K - the -1 pair of boots of Loss {Will+}
   (You found it in a Gauntlet)

   Will+:     It increases your willpower.
 L - a +2 chain mail of fire resistance
 P - a +2 plate armour of poison resistance (worn)
Jewellery
 a - a +6 ring of strength (on amulet)
 k - a ring of protection from fire (left hand)
 m - a ring of protection from cold
 z - the macabre finger necklace (around neck) {Finger+ rN+}
   (You found it in a Gauntlet)

   [amulet of nothing]

   Finger+:   It enables you to equip an extra ring.
   rN+:       It protects you from negative energy.
 A - a +5 ring of evasion (right hand)
Wands
 n - a wand of roots (1)
 B - a wand of digging (5)
 F - a wand of charming (15)
 H - a wand of flame (9)
 J - a wand of polymorph (10)
 O - a wand of light (4)
Scrolls
 f - 4 scrolls of poison
 g - 4 scrolls of teleportation
 r - a scroll of vulnerability
 s - 5 scrolls of fear
 u - 2 scrolls of enchant weapon
 w - 2 scrolls of enchant armour
 C - a scroll of fog
 D - a scroll of summoning
 E - 2 scrolls of immolation
 M - 4 scrolls of identify
 N - 2 scrolls of torment
Potions
 c - 7 potions of curing
 d - 9 potions of attraction
 e - 2 potions of enlightenment
 h - 2 potions of resistance
 j - 3 potions of lignification
 p - a potion of cancellation
 q - 2 potions of ambrosia
 x - 2 potions of magic
 G - 2 potions of brilliance
 Q - a potion of heal wounds
Miscellaneous
 t - a lightning rod (4/4) (quivered)


   Skills:
 * Level 12.4 Fighting
 * Level 11.4 Axes
 + Level 8.8 Armour
 + Level 8.7 Dodging
 + Level 9.1 Evocations


You had 12 spell levels left.
You didn't know any spells.
Your spell library was empty.

Dungeon Overview and Level Annotations

Branches:
Dungeon (14/15)            Temple (1/1) D:7            Lair (0/5) D:9
    Orc (0/2) D:12        Ossuary (visited)         Gauntlet (visited)
 Vaults: D:13-14

Altars:
Ashenzari
Cheibriados
Dithmenos
Fedhas
Gozag
Hepliaklqana
Kikubaaqudgha
Makhleb
Nemelex Xobeh
Okawaru
Qazlal
Ru
Sif Muna
Trog
Uskayaw
Vehumet
Wu Jian
Xom
Yredelemnul

Shops:
D:7 [!**   D:11 *

Portals:
Abyss: D:4

Annotations:
D:14 2 transporters


Innate Abilities, Weirdness & Mutations

A demonic guardian rushes to your aid.
You sometimes emit foul miasma when damaged in melee.
Your movements are less encumbered by armour. (ER -4)
Your touch may irresistibly damage your foes and sap their willpower.
Your mind is acute. (Int +4, Str/Dex -1)
You occasionally lose the ability to read scrolls when taking damage.


Message History

Your sun demon dies!
Your sun demon disappears in a puff of smoke!
Your ogre goes berserk!
You can no longer call in reinforcements.
The centaur warrior shouts!
The orc wizard mumbles some strange words.
The orc wizard flickers and vanishes!
Something hits you but does no damage.
The centaur warrior shoots an arrow.
The arrow hits your ogre!!
Your ogre hits the ogre with a +0 giant club!!
The ogre dies!
Trog accepts your kill.
The centaur warrior unwields a +0 orcbow.
The centaur warrior hits your ogre. The centaur warrior kicks your ogre.
Your ogre hits the centaur warrior with a +0 giant club!!!
The centaur warrior dies!
Trog accepts your kill.
The two-headed ogre hits you with a +0 giant spiked club!
* * * LOW HITPOINT WARNING * * *
You emit a cloud of foul miasma!
The two-headed ogre barely misses you.
The orc wizard casts a spell.
The orc wizard flickers and vanishes!
The centaur unwields a +0 shortbow.
The centaur hits your ogre. The centaur kicks your ogre.
The orc priest no longer looks unusually strong.
Your ogre hits the centaur with a +0 giant club!!
The centaur dies!
Trog accepts your kill.
The two-headed ogre is engulfed in dark miasma.
The two-headed ogre is poisoned.
The orc knight roars a battlecry!
The orc priest goes into a battle-frenzy!
The two-headed ogre hits you but does no damage. x2
Something hits your ogre!
Your ogre dies!
Your ogre's corpse disappears in a puff of smoke!
As you read the scroll of teleportation, it crumbles to dust.
You feel strangely unstable. The two-headed ogre misses you.
The two-headed ogre hits you but does no damage.
The orc priest calls down the wrath of Beogh upon you.
Beogh smites you!
You die...

### ### #.###.# ## ##.....#
#.#### #......# ##......#
##......# ######.......#
#.......#####........# .##
##........##..........#..©#
#...............@.......©?.
#................O.o.##©..#
#..#####..........○..## .##
#..# ##.........){o.# .#
#.## ###.....###.z.##.# #.#
#.....# ##{o...# #.#
##....# ##Z..## #.# ##...#
##...### #.# ##. ##.)..#


You could see an orc knight, a skeletal warrior, a two-headed ogre (fast,
poisoned), an orc warrior (strong), an orc priest (strong) and a centaur warrior
skeleton.

Vanquished Creatures
  A minotaur (Gauntlet)
  Snorg (D:13)
  2 boulder beetles
  2 centaur warriors (D:14)
  A catoblepas (Gauntlet)
  3 two-headed ogres
  Erica (D:9)
  A hell hog (Gauntlet)
  2 skeletal warriors (D:13)
  20 slime creatures
  A deep elf pyromancer (D:13)
  Pikel (D:6)
  An ugly thing (D:12)
  3 cyclopes
  Joseph (D:8)
  A molten gargoyle (Gauntlet)
  A centaur skeleton (D:14)
  2 gargoyles
  2 unseen horrors (D:10)
  A komodo dragon (D:12)
  Psyche (D:8)
  Jeremiah (D:6)
  A kobold demonologist (D:11)
  A troll (D:12)
  A hornet (D:8)
  3 shadows
  2 wyverns
  2 yaks
  Grum (D:8)
  A wraith (D:12)
  4 basilisks
  2 fire bats (Gauntlet)
  2 steam dragons (Gauntlet)
  14 vampire mosquitoes
  The ghost of kskgo the Ducker, an amateur DjFE (D:4)
  Menkaure (D:6)
  2 acid dragons
  Edmund (D:5)
  2 water moccasins
  2 hell hounds (Gauntlet)
  4 orc warriors
  A swamp drake (D:12)
  A black bear (D:4)
  2 ice beasts (D:7)
  A sky beast (D:7)
  5 ogres
  A small abomination (D:4)
  2 wolves (D:8)
  6 centaurs
  3 lemures (D:6)
  3 kobold brigands
  A phantom (D:4)
  4 bullfrogs
  A gnoll sergeant (D:13)
  3 scorpions (D:6)
  15 killer bees
  A troll zombie (Ossuary)
  6 howler monkeys
  2 electric eels (D:11)
  6 hounds
  7 orc priests
  A jelly (D:6)
  3 centaur zombies (Ossuary)
  A sleepcap (D:4)
  5 iguanas
  11 orc wizards
  An ogre zombie (Ossuary)
  7 mummies (Ossuary)
  12 gnolls
  4 adders
  5 ufetubi
  7 adder zombies (Ossuary)
  3 worms
  A dart slug (D:1)
  36 orcs
  6 bats
  4 endoplasms
  6 giant cockroaches
  4 goblins
  7 hobgoblins
  3 jackals (D:2)
  7 quokkas
  9 ball pythons
  3 frilled lizards
  3 goblin zombies (Ossuary)
  A hobgoblin zombie (Ossuary)
  18 kobolds
  4 kobold zombies (Ossuary)
  An orc zombie (Ossuary)
  4 quokka zombies (Ossuary)
  7 rats
  5 rat zombies (Ossuary)
357 creatures vanquished.

Vanquished Creatures (collateral kills)
  A hydra (D:13)
  A centaur warrior (D:14)
  2 two-headed ogres
  2 skeletal warriors (D:13)
  A molten gargoyle (Gauntlet)
  A raiju (Gauntlet)
  A vampire (D:12)
  A shadow (D:12)
  2 yaks (D:12)
  A sky beast (D:7)
  An orc warrior (D:9)
  An ogre (D:14)
  A centaur (D:14)
  A lemure (D:6)
  A gnoll sergeant (D:9)
  An orc priest (D:11)
  An iguana (D:6)
  A gnoll (D:9)
  3 orcs (D:9)
24 creatures vanquished.

Grand Total: 381 creatures vanquished

Notes
Turn   | Place    | Note
-------+----------+-------------------------------------------
     0 | D:1      | Revguard the Demonspawn Berserker began the quest for the
                  | Orb.
     0 | D:1      | Reached XP level 1. HP: 18/18 MP: 1/1
   278 | D:1      | Gained mutation: Your touch may inflict minor irresistible
                  | damage on your foes. [demonic ancestry]
   278 | D:1      | Reached XP level 2. HP: 23/24 MP: 2/2
   612 | D:1      | Reached ** piety under Trog
   614 | D:1      | Reached skill level 1 in Evocations
   671 | D:1      | Gained mutation: You may rarely emit foul miasma when
                  | damaged in melee. [demonic ancestry]
   671 | D:1      | Reached XP level 3. HP: 21/29 MP: 3/3
  1443 | D:2      | Reached XP level 4. HP: 26/35 MP: 4/4
  2591 | D:4      | Noticed a black bear
  2591 | D:4      | Found a transporter.
  2597 | D:4      | Killed a black bear
  2598 | D:4      | Gained mutation: A weak demonic guardian rushes to your
                  | aid. [demonic ancestry]
  2598 | D:4      | Reached XP level 5. HP: 37/42 MP: 5/5
  2646 | D:4      | Noticed a phantom
  2655 | D:4      | Killed a phantom
  2656 | D:4      | Reached skill level 4 in Fighting
  2684 | D:4      | Gained mutation: Your touch may inflict irresistible damage
                  | on your foes. [demonic ancestry]
  2684 | D:4      | Reached XP level 6. HP: 47/48 MP: 6/6
  2698 | D:4      | Reached *** piety under Trog
  3092 | D:4      | Found a transporter.
  3098 | D:4      | Noticed kskgo's ghost (amateur DjFE)
  3235 | D:5      | Entered Level 5 of the Dungeon
  3379 | D:5      | Noticed Edmund
  3393 | D:5      | Killed Edmund
  3394 | D:5      | Gained mutation: A demonic guardian rushes to your aid.
                  | [demonic ancestry]
  3394 | D:5      | Reached XP level 7. HP: 55/55 MP: 7/7
  3601 | D:5      | Found a sand-covered staircase.
  3610 | Ossuary  | Entered an ossuary
  3939 | Ossuary  | Reached skill level 5 in Fighting
  4342 | D:5      | Gained mutation: Your movements are slightly less
                  | encumbered by armour. (ER -2) [demonic ancestry]
  4342 | D:5      | Reached XP level 8. HP: 49/62 MP: 8/8
  5149 | D:4      | Found a one-way gate to the infinite horrors of the Abyss.
  5160 | D:4      | Reached skill level 5 in Axes
  5164 | D:4      | Killed kskgo's ghost
  5443 | D:6      | Noticed Jeremiah
  5464 | D:6      | Killed Jeremiah
  5465 | D:6      | Reached skill level 6 in Fighting
  5873 | D:6      | Found a blossoming altar of Fedhas.
  5929 | D:6      | Reached XP level 9. HP: 70/70 MP: 9/9
  5993 | D:6      | Found a burning altar of Makhleb.
  5995 | D:6      | Noticed a balrug
  6000 | D:6      | Noticed an orange demon
  6102 | D:6      | Noticed Menkaure
  6112 | D:6      | Killed Menkaure
  6113 | D:6      | Reached skill level 5 in Armour
  6263 | D:6      | Noticed Pikel
  6304 | D:7      | Found Doaf Nyrch's Armour Boutique.
  6304 | D:7      | Found Luoryit's Distillery.
  6304 | D:7      | Found Cydylen's Assorted Antiques.
  6414 | D:7      | Reached skill level 5 in Dodging
  6414 | D:7      | Reached skill level 5 in Evocations
  6506 | D:7      | Reached **** piety under Trog
  6704 | D:7      | Found Niotoxu's General Store.
  6760 | D:7      | Bought a scroll of brand weapon for 142 gold pieces
  6915 | D:7      | Found a staircase to the Ecumenical Temple.
  6920 | Temple   | Entered the Ecumenical Temple
  6981 | D:7      | Reached skill level 7 in Fighting
  7489 | D:6      | Killed Pikel
  7554 | D:8      | Paralysed by a hornet for 1 turns
  7599 | D:8      | Noticed Psyche
  7610 | D:8      | Killed Psyche
  7611 | D:8      | Gained mutation: Your touch may irresistibly damage your
                  | foes and sap their willpower. [demonic ancestry]
  7611 | D:8      | Reached XP level 10. HP: 80/80 MP: 10/10
  7686 | D:8      | Noticed Joseph
  7695 | D:8      | Killed Joseph
  7696 | D:8      | Reached skill level 8 in Fighting
  8055 | D:8      | Noticed Grum
  8073 | D:8      | Killed Grum
  8281 | D:8      | Noticed a two-headed ogre
  8292 | D:8      | Killed a two-headed ogre
  9078 | D:7      | Bought a curved silver wand for 84 gold pieces
  9227 | D:9      | Noticed Erica
  9235 | D:9      | Killed Erica
  9306 | D:9      | Reached skill level 9 in Fighting
  9485 | D:9      | You fall into a shaft and drop 3 floors!
  9503 | D:12     | Noticed a green ugly thing
  9511 | D:12     | Killed a green ugly thing
  9584 | D:12     | Reached XP level 11. HP: 44/89 MP: 11/11
  9717 | D:12     | Noticed a two-headed ogre
  9721 | D:12     | Killed a two-headed ogre
  9848 | D:12     | Noticed a two-headed ogre
  9851 | D:12     | Killed a two-headed ogre
 10232 | D:12     | Noticed a boulder beetle
 10253 | D:12     | Killed a boulder beetle
 10254 | D:12     | Reached skill level 10 in Fighting
 10538 | D:12     | Gained mutation: You expend magic power (3 MP) to
                  | strengthen your wands. [potion of mutation]
 10539 | D:12     | Lost mutation: You expend magic power (3 MP) to strengthen
                  | your wands. [potion of mutation]
 10539 | D:12     | Gained mutation: You occasionally lose the ability to read
                  | scrolls when taking damage. [potion of mutation]
 10539 | D:12     | Gained mutation: Your mind is acute. (Int +4, Str/Dex -1)
                  | [potion of mutation]
 10861 | D:12     | Found a staircase to the Orcish Mines.
 11014 | D:11     | Found a gate leading to a gauntlet.
 11030 | Gauntlet | Entered a Gauntlet
 11030 | Gauntlet | Noticed a large abomination
 11030 | Gauntlet | Noticed a large abomination
 11030 | Gauntlet | Found a transporter.
 11030 | Gauntlet | Found a transporter.
 11157 | Gauntlet | Found a transporter.
 11175 | Gauntlet | Found a transporter.
 11175 | Gauntlet | Found a transporter.
 11175 | Gauntlet | Found a transporter.
 11177 | Gauntlet | Found a transporter.
 11177 | Gauntlet | Found a transporter.
 11189 | Gauntlet | Found a transporter.
 11203 | Gauntlet | Noticed a hell hog
 11203 | Gauntlet | Found the macabre finger necklace {Finger+ rN+}
 11205 | Gauntlet | Found a transporter.
 11215 | Gauntlet | Found a transporter.
 11217 | Gauntlet | Noticed a wretched star
 11232 | Gauntlet | Found a transporter.
 11249 | Gauntlet | Found a transporter.
 11257 | Gauntlet | Found a runed translucent door.
 11257 | Gauntlet | Found a runed translucent door.
 11261 | Gauntlet | Found a transporter.
 11336 | Gauntlet | Noticed a catoblepas
 11438 | Gauntlet | Killed a catoblepas
 11520 | Gauntlet | Killed a hell hog
 11525 | Gauntlet | Gained mutation: You sometimes emit foul miasma when
                  | damaged in melee. [demonic ancestry]
 11525 | Gauntlet | Reached XP level 12. HP: 99/99 MP: 12/12
 11537 | Gauntlet | Identified the -1 pair of boots of Loss {Will+}
 11591 | Gauntlet | Noticed a minotaur
 11601 | Gauntlet | Killed a minotaur
 11873 | D:11     | Noticed a two-headed ogre
 11881 | D:11     | Killed a two-headed ogre
 11882 | D:11     | Reached skill level 10 in Axes
 11894 | D:11     | Reached skill level 11 in Fighting
 12440 | D:11     | Found Hycol's General Store.
 12529 | D:11     | Bought a scroll of identify for 32 gold pieces
 12943 | D:10     | Entered Level 10 of the Dungeon
 13357 | D:10     | Found a bloodstained altar of Trog.
 13823 | D:9      | Found a staircase to the Lair.
 14228 | D:7      | Bought a +1 plate armour of poison resistance for 480 gold
                  | pieces
 14404 | D:13     | Noticed a six-headed hydra
 14409 | D:13     | Killed a six-headed hydra
 14860 | D:13     | Noticed a boulder beetle
 14877 | D:13     | Killed a boulder beetle
 15540 | D:13     | Noticed Snorg
 15548 | D:13     | Killed Snorg
 15549 | D:13     | Reached skill level 12 in Fighting
 15549 | D:13     | Gained mutation: Your movements are less encumbered by
                  | armour. (ER -4) [demonic ancestry]
 15549 | D:13     | Reached XP level 13. HP: 82/108 MP: 13/13
 16332 | D:14     | Found a transporter.
 16335 | D:14     | Found a transporter.
 16366 | D:14     | Paralysed by something for 2 turns
 16373 | D:14     | Killed from afar by an orc priest

Illustrated notes

Levels and vault maps discovered:
D:1:      ebering_hopf_link, layout_basic
D:2:      layout_loops_ring, hangedman_decor_points
D:3:      layout_rooms, lemuel_flame_loot_1
D:4:      layout_cave_pools, gammafunk_ghost_abyssal_escape
D:5:      layout_layer_cave, enter_ossuary_1, uniq_edmund
D:6:      layout_loops_ring, makhleb_altar_promises_db,
          nicolae_overflow_hidden_temple, uniq_menkaure, uniq_pikel,
          uniq_jeremiah
D:7:      layout_basic, jmf_multi_god_temple, minmay_temple_entry_nine_rooms,
          serial_shops, nicolae_shop_waterfront,
          nicolae_shop_distant_corner_stores, chequers_serial_rivers_room_a,
          hex_intersection
D:8:      layout_gridville, uniq_grum, uniq_psyche, uniq_joseph
D:9:      layout_basic, david_lair_generic, uniq_erica
D:10:     layout_irregular_city, trog_butcher_becter
D:11:     layout_basic, serial_shops, nicolae_lakefront_shop,
          gauntlet_entry_generic, st_stairs_1
D:12:     layout_gridville, erik_orc_1
D:13:     layout_loops_ring, uniq_snorg
D:14:     layout_layer_cave, hangedman_vaults_entry_quadrant_bands,
          elyvilon_altar_1, small_statue_alley_a, serial_nicolae_subway,
          nicolae_sub_station_crystal, nicolae_sub_station_metal,
          nicolae_sub_station_stone
Temple:   bh_familiar_temple

Skill      XL: |  1  2  3  4  5  6  7  8  9 10 11 12 13 |
---------------+----------------------------------------+-----
Armour         | 2 3 4 5 6 7 8 |  8.8
Dodging        | 2 3 4 5 6 7 8 |  8.7
Evocations     | 1 2 3 4 5 6 7 8 9 |  9.1
Axes           | 3 4 5 7 8 9 11 | 11.4
Fighting       | 4 5 6 7 9 10 12 | 12.4

Action                     |  1- 3 |  4- 6 |  7- 9 | 10-12 | 13-15 || total
---------------------------+-------+-------+-------+-------+-------++-------
  Melee: Hand axe          |   106 |    77 |       |       |       ||   183
         Touch             |    10 |    23 |    49 |    80 |    13 ||   175
         Punch             |     3 |       |     6 |     4 |       ||    13
         War axe           |       |    26 |   280 |   456 |    49 ||   811
 Invoke: Trog's Hand       |       |     1 |     7 |    13 |     1 ||    22
         Berserk           |       |     1 |     7 |    11 |     1 ||    20
         Brothers in Arms  |       |       |       |     5 |     2 ||     7
  Evoke: Wand              |       |     2 |     1 |    12 |     3 ||    18
         Lightning rod     |       |       |       |     1 |       ||     1
    Use: Scroll            |       |     9 |     2 |    16 |     2 ||    29
         Potion            |       |     2 |     1 |    15 |       ||    18
   Stab: Sleeping          |     2 |       |       |       |       ||     2
         Distracted        |       |       |       |     1 |       ||     1
 Armour: Animal skin       |    48 |       |       |       |       ||    48
         Leather armour    |    28 |     2 |       |       |       ||    30
         Scale mail        |       |    94 |   179 |       |       ||   273
         Plate armour      |       |       |    82 |   348 |    83 ||   513
         Chain mail        |       |       |       |    84 |       ||    84
  Dodge: Dodged            |    67 |    60 |   198 |   437 |    71 ||   833

Table legend: (Time is in decaauts)
 A = Elapsed time spent in this place.
 B = Non-inter-level travel time spent in this place.
 C = Inter-level travel time spent in this place.
 D = Time resting spent in this place.
 E = Time spent auto-exploring this place.
 F = Levels seen in this place.
 G = Mean time per level.
                   A        B        C        D        E       F      G
               +--------+--------+--------+--------+--------+-----+--------+
         Total |  16695 |  15479 |   1216 |   1396 |  10665 |  17 |  982.1 |
       Dungeon |  15152 |  13936 |   1216 |    968 |  10055 |  14 | 1082.3 |
        Temple |      1 |      1 |      0 |      0 |      0 |   1 |    1.0 |
       Ossuary |    679 |    679 |      0 |     38 |    372 |   1 |  679.0 |
      Gauntlet |    862 |    862 |      0 |    390 |    238 |   1 |  862.0 |
               +--------+--------+--------+--------+--------+-----+--------+

Top non-repeatable levels by time:
    D:13: 1630 daAuts
    D:12: 1562 daAuts
     D:5: 1327 daAuts
     D:6: 1318 daAuts
     D:8: 1315 daAuts
     D:7: 1254 daAuts
    D:11: 1134 daAuts
     D:1: 1036 daAuts
     D:4: 968 daAuts
     D:3: 909 daAuts
Gauntlet: 862 daAuts
    D:10: 822 daAuts
     D:9: 804 daAuts
     D:2: 712 daAuts
 Ossuary: 679 daAuts
